 Dungeon Crawl Stone Soup version 0.31-a0-232-gb1c03b2570 (webtiles) character file.

Game seed: 14752651523774769645

70 qw the Shooter (level 4, -3/26 HPs)
             Began as a Gargoyle Hexslinger on July 7, 2023.
             Slain by a gnoll
             ... wielding a +0 spear
              (5 damage)
             ... on level 2 of the Dungeon.
             The game lasted 00:00:27 (1125 turns).

qw the Shooter (Gargoyle Hexslinger)                Turns: 1125, Time: 00:00:28

Health: -3/26      AC:  9    Str: 11    XL:     4   Next: 22%
Magic:  5/5        EV: 10    Int: 14    God:
Gold:   86         SH:  0    Dex: 14    Spells: 4/5 levels left

rFire   . . .        Y - +1 sling
rCold   . . .        (no shield)
rNeg    + . .        h - +0 ring mail
rPois   inf          (no helmet)
rElec   +            j - +0 cloak
rCorr   .            (no gloves)
SInv    .            (no boots)
Will    .....        (no amulet)
Stlth   +            (no ring)
HPRegen 0.24/turn    (no ring)
MPRegen 0.09/turn

%: no passive effects
@: about to teleport
A: sickness immunity, AC +3, negative energy resistance 1, electricity
resistance, torment resistance 1, petrification resistance
a: no special abilities


You were on level 2 of the Dungeon.
You visited 1 branch of the dungeon, and saw 2 of its levels.

You collected 86 gold pieces.


Innate Abilities, Weirdness & Mutations

You are immune to sickness and miasma.
Your stone body is resilient. (AC +3)
You are immune to poison.
You resist negative energy. (rN+)
You are resistant to electric shocks. (rElec)
You are resistant to unholy torment.
You are immune to petrification.


   Skills:
 - Level 2.1 Fighting
 + Level 3.8 Ranged Weapons
 - Level 1.0 Armour
 - Level 1.5 Dodging
 - Level 1.0 Spellcasting
 - Level 2.6 Hexes


You had 4 spell levels left.
You knew the following spells:

 Your Spells              Type           Power      Damage    Failure   Level
a - Slow                  Hex            32%        N/A       21%         1

Your spell library contained the following spells:

 Spells                   Type           Power      Damage    Failure   Level
 Inner Flame              Hex/Fire       4%         N/A       71%         3
 Portal Projectile        Hex/Tloc       8%         N/A       71%         3
 Cause Fear               Hex            4%         N/A       90%         4

Inventory:

Hand Weapons
 Y - a +1 sling (weapon)
Armour
 h - a +0 ring mail (worn)
 j - a +0 cloak (worn)
Jewellery
 k - an amulet of the acrobat
Scrolls
 a - a scroll of fear {unknown}
 c - a scroll of noise {unknown}
 f - a scroll of enchant armour {unknown}
 i - a scroll of enchant weapon {unknown}
Potions
 d - a potion of curing {unknown}
 e - a potion of degeneration {unknown}
 g - 3 potions of enlightenment {unknown}

Dungeon Overview and Level Annotations

Branches:
Dungeon (2/15)

Altars:


Message History

The gnoll is heavily wounded.
The gnoll hits you with a +0 whip.
The gnoll hits you but does no damage. x2
The gnoll closely misses you. The gnoll hits you but does no damage.
The gnoll hits you from afar with a +0 spear.
You shoot a sling bullet.
The sling bullet closely misses the gnoll.
The gnoll closely misses you. The gnoll misses you.
The gnoll hits you from afar with a +0 spear.
You shoot a sling bullet.
The sling bullet hits the gnoll but does no damage.
The gnoll is heavily wounded.
The gnoll hits you with a +0 whip. The gnoll hits you but does no damage.
The gnoll barely misses you. The gnoll completely misses you.
The gnoll closely misses you.
The gnoll hits you from afar with a +0 spear.
You shoot a sling bullet. The sling bullet hits the gnoll.
The gnoll is severely wounded.
The gnoll hits you but does no damage. The gnoll barely misses you.
The gnoll hits you but does no damage.
You shoot a sling bullet. The sling bullet hits the gnoll.
You kill the gnoll!
The gnoll hits you but does no damage. The gnoll closely misses you.
You shoot a sling bullet.
The sling bullet barely misses the gnoll.
The gnoll barely misses you.
The gnoll hits you from afar with a +0 spear.
The gnoll closely misses you. x2
You shoot a sling bullet. The sling bullet hits the gnoll.
The gnoll is heavily wounded.
The gnoll barely misses you. The gnoll hits you but does no damage.
You shoot a sling bullet.
The sling bullet barely misses the gnoll.
The gnoll hits you with a +0 flail!
The gnoll hits you from afar with a +0 spear.
1125 ||| READING scroll of teleportation.
As you read the scroll of teleportation, it crumbles to dust.
You feel strangely unstable. The gnoll closely misses you.
The gnoll hits you from afar with a +0 spear.
You die...

######### .....gg)#
###@###############
#.................#
#+#.#############.#
#.^..# #.## #..>.#
#... #.. #....#
###. #..
#....###### #. #...
#....##...#
########. #....
#....##...#
#........


You could see 2 gnolls.

Vanquished Creatures
  2 gnolls (D:2)
  2 adders
  2 dart slugs
  2 ball pythons
  7 bats
  2 endoplasms
  3 goblins
  3 hobgoblins
  2 quokkas (D:2)
  2 kobolds (D:2)
  2 rats
29 creatures vanquished.

Notes
Turn   | Place    | Note
-------+----------+-------------------------------------------
     0 | D:1      | qw the Gargoyle Hexslinger began the quest for the Orb.
     0 | D:1      | Reached XP level 1. HP: 12/12 MP: 2/2
     0 | D:1      | 0 ||| qw: Version: 0.3-a-46-gb1f654a
     0 | D:1      | 0 ||| qw: Game counter: 2288
     0 | D:1      | 0 ||| qw: Melee chars always use a shield: true
     0 | D:1      | 0 ||| qw: God list: Okawaru
     0 | D:1      | 0 ||| qw: Allow faded altars: false
     0 | D:1      | 0 ||| qw: Do Orc after clearing Dungeon:15 true
     0 | D:1      | 0 ||| qw: Do second Lair branch before Depths: true
     0 | D:1      | 0 ||| qw: Lair rune preference: random
     0 | D:1      | 0 ||| qw: Goals: Normal
     0 | D:1      | 0 ||| PLANNING D:1-11
   228 | D:1      | Reached XP level 2. HP: 16/16 MP: 3/3
   332 | D:1      | Reached skill level 3 in Ranged Weapons
   552 | D:1      | 552 ||| UPGRADING to +0 leather armour.
   562 | D:1      | 562 ||| DROPPING +0 robe.
   563 | D:1      | 563 ||| UPGRADING to +0 ring mail.
   573 | D:1      | 573 ||| DROPPING +0 leather armour.
   574 | D:1      | 574 ||| UPGRADING to +0 cloak.
   579 | D:1      | 579 ||| READING scroll labelled DUL XYGOTUF.
   580 | D:1      | 580 ||| READING scroll labelled EFUIJO HERRUTY.
   584 | D:1      | 584 ||| DRINKING 2 murky yellow potions.
   585 | D:1      | 585 ||| DROPPING scroll of poison.
   586 | D:1      | 586 ||| DROPPING potion of attraction.
   604 | D:2      | 604 ||| STAIRDANCE
   611 | D:1      | Reached XP level 3. HP: 8/21 MP: 4/4
   795 | D:2      | Reached skill level 1 in Armour
   812 | D:2      | Found a faded altar of an unknown god.
  1117 | D:2      | Reached XP level 4. HP: 25/26 MP: 5/5
  1124 | D:2      | HP: 6/26 [gnoll/+0 flail (7)]
  1124 | D:2      | HP: 2/26 [gnoll/+0 spear (4)]
  1125 | D:2      | 1125 ||| READING scroll of teleportation.
  1125 | D:2      | Slain by a gnoll

Levels and vault maps discovered:
D:1:      roderic_chinese_lattice_arrival, layout_basic,
          chequers_serial_rivers_micro_a
D:2:      layout_basic, shapermc_ecumenical_altar_venn, kennysheep_small_spiral

Skill      XL: |  1  2  3 |
---------------+----------+-----
Ranged Weapons | 3 |  3.8
Fighting       | 2 |  2.1
Armour         | 1 |  1.0
Dodging        | |  1.5
Spellcasting   | |  1.0
Hexes          | |  2.6

Action                     |  1- 3 |  4- 6 || total
---------------------------+-------+-------++-------
   Fire: Sling             |    89 |     8 ||    97
    Use: Scroll            |     2 |     1 ||     3
         Potion            |     1 |       ||     1
 Armour: Robe              |    11 |       ||    11
         Ring mail         |    15 |     8 ||    23
  Dodge: Dodged            |    39 |    13 ||    52

Table legend:
 A = Non-vault XP
 B = Vault XP
 C = Vault XP percentage of total XP
 D = Non-vault monster count
 E = Vault monster count
 F = Vault count percentage of total count
                 A         B        C        D         E       F
            +---------+---------+-------+---------+---------+-------
      Total |     101 |       0 |   0.0 |      29 |       0 |   0.0
            +---------+---------+-------+---------+---------+-------
        D:1 |      38 |       0 |   0.0 |      15 |       0 |   0.0
        D:2 |      63 |       0 |   0.0 |      14 |       0 |   0.0
            +---------+---------+-------+---------+---------+-------
